AoeStats
← Fuzzy

MegaRandom

510217240Analyzed
3v3 RM · 19h ago on Sep 30, 2026· 64m 35s· 6 players
Game mode
Random Map
Map size
Normal (6 player)
Population
200
Speed
Normal
Resources
Standard
Victory
Conquest
Starting age
Dark Age
Ending age
Imperial Age
RankedLock teamsTeams togetherTeam positionsShared explorationLock speedFull tech treeHidden civsTurbo modeCheats
Victory
Defeat
🇺🇸 Varangians · United States
1067
+14
🇺🇸 Saxons · United States
1067
+14
🇺🇸 Poles · United States
1061
+14
🇦🇷 Italians · Argentina
1096
-17
1043
-15
🇦🇷 Franks · Argentina
928
-10
Caterpillar punta de acero
11:39 Feudal Age
11:15 Loom
12:34 Double-Bit Axe
19:22 Castle Age
20:56 Bow Saw
24:44 Husbandry
24:55 Bloodlines
32:16 Scale Barding Armor
32:22 Forging
34:46 Imperial Age
34:43 Chain Barding Armor
34:54 Cavalier
37:04 Plate Barding Armor
38:26 Iron Casting
51:09 Light Cavalry
53:02 Winged Hussar
54:05 Horse Collar
56:52 Heavy Plow
Doraso Troncoso de Elite
10:24 Feudal Age
13:10 Loom
23:10 Castle Age
34:29 Fletching
34:32 Crossbowman
37:18 Horse Collar
41:34 Imperial Age
40:08 Bodkin Arrow
41:49 Padded Archer Armor
44:13 Chemistry
44:05 Ballistics
45:09 Conscription
45:32 Double-Bit Axe
49:18 Gold Mining
50:54 Treadmill Crane
51:52 Leather Archer Armor
51:38 Scale Mail Armor
51:49 Forging
54:09 Murder Holes
El Lobizon Chinchu
1:02 Loom
11:42 Feudal Age
13:23 Wheelbarrow
15:00 Double-Bit Axe
21:06 Castle Age
20:05 Forging
26:55 Husbandry
39:17 Pikeman
39:57 Squires
41:19 Hand Cart
44:45 Scale Mail Armor
53:54 Imperial Age
52:01 Arson
54:02 Elite Throwing Axeman
58:55 Halberdier
ofdudesandmen
13:31 Feudal Age
14:01 Double-Bit Axe
13:57 Horse Collar
15:58 Stone Mining
15:59 Gold Mining
19:26 Wheelbarrow
21:23 Castle Age
21:33 Forging
21:28 Scale Barding Armor
22:59 Bloodlines
23:48 Heavy Plow
24:00 Bow Saw
24:03 Husbandry
24:40 Iron Casting
24:43 Husbandry
25:04 Loom
26:22 Hand Cart
27:19 Town Watch
28:28 Stone Shaft Mining
30:36 Chain Barding Armor
30:25 Pikeman
35:27 Imperial Age
33:53 Town Patrol
37:20 Chemistry
36:43 Cavalier
39:14 Blast Furnace
38:39 Conscription
39:26 Ballistics
39:00 Fletching
39:03 Light Cavalry
42:55 Lechitic Legacy
43:15 Winged Hussar
45:30 Hoardings
44:53 Bodkin Arrow
44:58 Scale Mail Armor
47:32 Chain Mail Armor
51:04 Crop Rotation
Fuzzy
3:44 Loom
14:16 Feudal Age
15:20 Double-Bit Axe
17:24 Fletching
19:33 Town Watch
21:10 Padded Archer Armor
23:57 Horse Collar
28:33 Castle Age
26:28 Stone Mining
29:41 Forging
29:32 Scale Mail Armor
31:46 Arson
50:15 Wheelbarrow
54:43 Gold Mining
55:20 Squires
56:06 Bow Saw
57:27 Hand Cart
59:26 Chain Mail Armor
61:34 Iron Casting
Kevinight
0:57 Loom
12:56 Feudal Age
14:17 Double-Bit Axe
14:48 Man-at-Arms
15:56 Arson
17:52 Fletching
24:32 Castle Age
23:07 Scale Mail Armor
23:11 Padded Archer Armor
24:09 Town Watch
24:13 Horse Collar
25:22 Crossbowman
26:07 Bodkin Arrow
27:34 Forging
27:25 Scale Mail Armor
34:32 Thumb Ring
37:18 Wheelbarrow
38:29 Hand Cart
38:14 Town Patrol
38:41 Bow Saw
39:20 Squires
38:41 Pikeman
39:50 Chain Mail Armor
40:10 Iron Casting
41:03 Elite Skirmisher
44:26 Imperial Age
43:25 Elite Skirmisher
47:36 Plate Mail Armor
50:18 Leather Archer Armor
51:07 Heavy Plow
52:26 Bracer
54:48 Ring Archer Armor
56:47 Hand Cart
63:53 Arbalester
Connection lost

Rejoining the realm…

Still unreachable

The connection could not be restored.

Session expired

The server has moved on; the page needs a fresh start.